 Dungeon Crawl Stone Soup version 0.30-a0-600-gb7c8574cbb (webtiles) character file.

Game seed: 6895569930475829465

7 BlackLaughter the Conjurer (level 1, 2/2 (17) HPs)
             Began as a Draconian Reaver on Jan 7, 2023.
             Got out of the dungeon alive.
             The game lasted 00:01:52 (297 turns).

BlackLaughter the Conjurer (Draconian Reaver)        Turns: 297, Time: 00:01:53

HP:   2/2 (17)      AC:  4    Str: 14    XL:     1   Next: 91%
MP:   3/3           EV: 12    Int: 13    God:
Gold: 0             SH:  0    Dex:  9    Spells: 3/4 levels left

rFire   . . .      SeeInvis .    a - +0 short sword
rCold   . . .      Faith    .    (no shield)
rNeg    . . .      Spirit   .    (body armour unavailable)
rPois   .          Reflect  .    (helmet restricted)
rElec   .          Harm     .    (no cloak)
rCorr   .          Rampage  .    (no gloves)
Will    .....                    (no boots)
Stlth   +                        (no amulet)
HPRegen 0.20/turn                (no ring)
MPRegen 0.08/turn                (no ring)

@: extremely drained
A: AC +4, unfitting armour, cold-blooded
a: no special abilities


You escaped.
You visited 1 branch of the dungeon, and saw 1 of its levels.

Inventory:

Hand Weapons
 a - a +0 short sword (weapon)
Potions
 b - a potion of heal wounds {unknown}
 c - a potion of attraction {unknown}


   Skills:
 + Level 2.2 Fighting
 + Level 3.2 Short Blades
 + Level 1.8 Dodging
 + Level 2.0 Spellcasting
 + Level 3.2 Conjurations


You had 3 spell levels left.
You knew the following spells:

 Your Spells              Type           Power      Damage    Failure   Level
a - Kiss of Death         Conj/Necr      20%        2d7       13%         1

Your spell library contained the following spells:

 Spells                   Type           Power      Damage    Failure   Level
 Momentum Strike          Conj/Tloc      10%        3d8       21%         2
 Hailstorm                Conj/Ice       5%         3d4       36%         3


Dungeon Overview and Level Annotations

Branches:
Dungeon (1/15)

Altars:


Innate Abilities, Weirdness & Mutations

Your plain brown scales are hard. (AC +4)
You cannot fit into any form of body armour.
You are cold-blooded and may be slowed by cold attacks.


Message History

* * * LOW HITPOINT WARNING * * *
You feel yourself slow down.
Aiming: Kiss of Death (safe; 13% risk of failure)
Press: ? - help, Q - select action Shift-Dir - straight line, f/p - endoplasm
Aim: an endoplasm (100% to hit)
The negative energy hits the endoplasm!
The endoplasm is drained!
You kill the endoplasm!
You feel drained.
Your magical contamination has completely faded away.
You feel yourself speed up.
Found a stone staircase leading down.
There is a stone staircase leading down here.
A giant cockroach comes into view.
A giant cockroach is nearby!
Unknown command.
Are you sure you want to abandon this character and quit the game? (Confirm with "yes".)
Okay, then.
A giant cockroach is nearby!
You see here a ball python corpse.
The giant cockroach waves its antennae.
The giant cockroach bites you but does no damage.
Aiming: Kiss of Death (safe; 13% risk of failure)
Press: ? - help, Q - select action Shift-Dir - straight line, f - giant cockroach
Aim: a giant cockroach (100% to hit)
The negative energy hits the giant cockroach.
The giant cockroach is drained!
The giant cockroach is severely wounded.
You feel drained. The giant cockroach barely misses you.
Aiming: Kiss of Death (safe; 13% risk of failure)
Press: ? - help, Q - select action Shift-Dir - straight line, f/p - giant cockroach
Aim: a giant cockroach (severely wounded, heavily drained, 100% to hit)
The negative energy hits the giant cockroach!
The giant cockroach is drained!
You kill the giant cockroach!
You feel drained.
There is an open door here.
There is a staircase leading out of the dungeon here.
Are you sure you want to leave the Dungeon?
This will make you lose the game!
You have escaped!

......#######
.####.......########
.# #####...##.....#
.# #.≈^##.....# .#
#.≈.##.....# .#
#.≈..'.....# ##
#.≈.##.....#
#...##.....#
#...##..@..#
#.8.##.....#
#...######## #####


There were no monsters in sight!

Vanquished Creatures
  A ball python (D:1)
  3 endoplasms (D:1)
  A giant cockroach (D:1)
  A bat (D:1)
6 creatures vanquished.

Notes
Turn   | Place    | Note
-------+----------+-------------------------------------------
     0 | D:1      | BlackLaughter the Draconian Reaver began the quest for the
                  | Orb.
     0 | D:1      | Reached XP level 1. HP: 17/17 MP: 3/3
   297 | D:$      | Got out of the dungeon alive.

Illustrated notes

Levels and vault maps discovered:
D:1:      dpeg_arrival_rooms_c, layout_loops_cross, st_stairs_14

Action                   || total
-------------------------++-------
Melee: Short sword       ||     3
 Cast: Kiss of Death     ||     7
Armor: Skin              ||     3
Dodge: Dodged            ||     5

Table legend: (Time is in decaauts)
 A = Elapsed time spent in this place.
 B = Non-inter-level travel time spent in this place.
 C = Inter-level travel time spent in this place.
 D = Time resting spent in this place.
 E = Time spent auto-exploring this place.
 F = Levels seen in this place.
 G = Mean time per level.
                   A        B        C        D        E       F      G
               +--------+--------+--------+--------+--------+-----+--------+
         Total |    299 |    257 |     42 |      0 |    207 |   1 |  299.0 |
       Dungeon |    299 |    257 |     42 |      0 |    207 |   1 |  299.0 |
               +--------+--------+--------+--------+--------+-----+--------+

Top non-repeatable levels by time:
     D:1: 299 daAuts
